 Dungeon Crawl Stone Soup version 0.31-a0-496-g6f97920a28 (webtiles) character file.

Game seed: 13074665144449579909

15 Ofeo the Changeling (level 2, 21/21 HPs)
             Began as a Demonspawn Shapeshifter on Aug 8, 2023.
             Quit the game on level 1 of the Dungeon.
             The game lasted 00:00:37 (480 turns).

Ofeo the Changeling (Demonspawn Shapeshifter)        Turns: 480, Time: 00:00:37

Health: 21/21      AC:  2    Str: 15    XL:     2   Next: 34%
Magic:  2/2        EV: 12    Int:  9    God:
Gold:   30         SH:  0    Dex: 13    Spells: 1/1 levels left

rFire   . .          .
                       - Unarmed
rCold   . . .        (no shield)
rNeg    . . .        a - +0 animal skin
rPois   .            (helmet currently unavailable)
rElec   .            (cloak currently unavailable)
rCorr   .            (gloves currently unavailable)
SInv    .            (boots currently unavailable)
Will    .....        (no amulet)
Stlth   +            (no ring)
HPRegen 0.23/turn    (no ring)
MPRegen 0.08/turn

%: no passive effects
@: beast-form
A: beast (slay +2), demonic magic 1
a: Begin Untransformation


You were on level 1 of the Dungeon.
You were a hulking beast.
You visited 1 branch of the dungeon, and saw 1 of its levels.

You collected 30 gold pieces.

Inventory:

Armour
 a - a +0 animal skin (worn)
Talismans
 c - a beast talisman (active)
 d - a flux talisman
Scrolls
 e - a scroll of blinking {unknown}
 f - a scroll of identify {unknown}
Potions
 b - a potion of lignification


   Skills:
 - Level 1.0 Fighting
 - Level 1.7 Dodging
 - Level 2.6 Unarmed Combat
 + Level 3.2 Shapeshifting


You had one spell level left.
You didn't know any spells.
Your spell library was empty.

Dungeon Overview and Level Annotations

Branches:
Dungeon (1/15)

Altars:


Innate Abilities, Weirdness & Mutations

You are a hulking beast.
Your limbs bulge with bestial killing power. (Slay +2)
Spells you cast may paralyse adjacent enemies.


Message History

An endoplasm comes into view.
Health restored: 21 An endoplasm is nearby!
An endoplasm is nearby!
An endoplasm is nearby!
A kobold comes into view. It is wielding a +0 dagger.
The endoplasm quivers.
Found a club.
The endoplasm freezes you.
You are frozen.
You take 3 damage, and have 18/21 hp.
You hit the endoplasm.
The endoplasm is heavily wounded.
The endoplasm freezes you.
You are frozen.
You take 2 damage, and have 16/21 hp.
You hit the endoplasm but do no damage.
The endoplasm is heavily wounded.
The endoplasm completely misses you.
You hit the endoplasm.
You kill the endoplasm!
You barely miss the kobold. The kobold hits you with a +0 dagger.
You take 1 damage, and have 15/21 hp.
You hit the kobold.
The kobold is severely wounded.
The kobold closely misses you.
You hit the kobold.
You kill the kobold!
No target in view!
No target in view!
No target in view!
No target in view!
You see here a +0 dagger.
You see here a +0 dagger.
A hobgoblin comes into view.
You see here a +0 club.
Health restored: 21 A hobgoblin is nearby!
A hobgoblin is nearby!
Are you sure you want to abandon this character and quit the game? (Confirm with "yes".)

#.#.##.# #.............
#.#.##.#
###...#.########
#.#.##.###.......#######
#.#.#.†.##.............#
#.#......#......)#####.#
.........†..>..#.#
#.#......###...#.#
#.#.#...## ##.##.#
#.#.##.######.##h#
#.#.##........##......g.
#.#.##.#################
#.#.##.# .......#
########


You could see a hobgoblin (asleep).

Vanquished Creatures
  A ball python (D:1)
  4 bats (D:1)
  2 endoplasms (D:1)
  A hobgoblin (D:1)
  A kobold (D:1)
  A quokka (D:1)
  2 frilled lizards (D:1)
  A goblin (D:1)
13 creatures vanquished.

Notes
Turn   | Place    | Note
-------+----------+-------------------------------------------
     0 | D:1      | Ofeo the Demonspawn Shapeshifter began the quest for the
                  | Orb.
     0 | D:1      | Reached XP level 1. HP: 15/15 MP: 1/1
    91 | D:1      | Found a faded altar of an unknown god.
   209 | D:1      | Reached skill level 3 in Shapeshifting
   252 | D:1      | Gained mutation: Spells you cast may paralyse adjacent
                  | enemies. [demonic ancestry]
   252 | D:1      | Reached XP level 2. HP: 18/21 MP: 2/2
   480 | D:1      | Quit the game

Illustrated notes

Levels and vault maps discovered:
D:1:      lightli_arrival_lavapool, layout_loops_ring,
          shapermc_ecumenical_altar_pompeii

Skill      XL: |  1 |
---------------+----+-----
Shapeshifting  | 3 |  3.2
Fighting       | |  1.0
Dodging        | |  1.7
Unarmed Combat | |  2.6

Action                     || total
---------------------------++-------
  Melee: Unarmed           ||    40
         Punch             ||     1
 Armour: Animal skin       ||     5
  Dodge: Dodged            ||    18

Table legend: (Time is in decaauts)
 A = Elapsed time spent in this place.
 B = Non-inter-level travel time spent in this place.
 C = Inter-level travel time spent in this place.
 D = Time resting spent in this place.
 E = Time spent auto-exploring this place.
 F = Levels seen in this place.
 G = Mean time per level.
                   A        B        C        D        E       F      G
               +--------+--------+--------+--------+--------+-----+--------+
         Total |    477 |    445 |     32 |     22 |    339 |   1 |  477.0 |
       Dungeon |    477 |    445 |     32 |     22 |    339 |   1 |  477.0 |
               +--------+--------+--------+--------+--------+-----+--------+

Top non-repeatable levels by time:
     D:1: 477 daAuts
